 Dungeon Crawl Stone Soup version 0.28.0-53-g5a82cb258f (webtiles) character file.

Game seed: 5756955838826220805

49 Sin92 the Firebug (level 3, -5/26 HPs)
             Began as a Demonspawn Fire Elementalist on June 30, 2022.
             Slain by Sigmund
             ... wielding a +0 scythe
              (7 damage)
             ... on level 2 of the Dungeon.
             The game lasted 00:07:05 (2522 turns).

Sin92 the Firebug (Demonspawn Fire Elementalist)    Turns: 2522, Time: 00:07:06

Health: -5/26      AC:  8    Str:  7 (10) XL:     3   Next: 51%
Magic:  6/6        EV:  7    Int: 14 (16) God:
Gold:   81         SH:  0    Dex:  9 (11) Spells: 4/7 levels left

rFire   . . .      SeeInvis .   e - +0 hand axe
rCold   . . .      Faith    .   (no shield)
rNeg    . . .      Spirit   .   g - +1 scale mail
rPois   +          Reflect  .   (no helmet)
rElec   .          Harm     .   (no cloak)
rCorr   .          Rampage  .   f - +0 pair of gloves
Will    +....                   (boots unavailable)
Stlth   ..........              i - amulet of the acrobat
HPRegen 0.08/turn               h - ring of poison resistance
MPRegen 0.10/turn               (no ring)

@: no status effects
A: hooves 3, clumsy 1, strong-willed 1, MP-powered wands
a: no special abilities


You were on level 2 of the Dungeon.
You visited 1 branch of the dungeon, and saw 2 of its levels.

You collected 81 gold pieces.

Inventory:

Hand Weapons
 b - a +0 dagger
 e - a +0 hand axe (weapon)
Armour
 a - a +0 robe
 f - a +0 pair of gloves (worn)
 g - a +1 scale mail (worn)
Jewellery
 h - a ring of poison resistance (left hand)
 i - an amulet of the acrobat (around neck)
Potions
 j - a potion of lignification


   Skills:
 + Level 1.0 Fighting
 - Level 0.2 Short Blades
 + Level 0.2 Axes
 + Level 0.5 Armour
 + Level 2.1 Dodging
 - Level 1.8 Stealth
 * Level 2.6 Spellcasting
 + Level 1.3 Conjurations
 + Level 2.8 Fire Magic


You had 4 spell levels left.
You knew the following spells:

 Your Spells              Type           Power      Damage    Failure   Level
a - Foxfire               Conj/Fire      28%        2x1d5     77%         1
b - Scorch                Fire           18%        2d6       80%         2

Your spell library contained the following spells:

 Spells                   Type           Power      Damage    Failure   Level
 Conjure Flame            Conj/Fire      7%         6-21      98%         3
 Ignite Poison            Fire/Tmut/Pois 4%         N/A       99%         3
 Inner Flame              Hex/Fire       5%         N/A       99%         3
 Flame Wave               Conj/Fire      7%         2d5       100%        4
 Sticky Flame             Conj/Fire      7%         2d3       100%        4


Dungeon Overview and Level Annotations

Branches:
Dungeon (2/15)

Altars:

Shops:
D:2 *?((=

Annotations:
D:2 Sigmund


Innate Abilities, Weirdness & Mutations

You have hooves in place of feet.
You are clumsy. (Dex -2)
You are strong-willed. (Will+)
You expend magic power (3 MP) to strengthen your wands.


Message History

Deactivating autopickup; reactivate with Ctrl-A.
The endoplasm hits you.
You hit the endoplasm.
You kill the endoplasm!
Something hits you but does no damage. Something is attracted toward you.
Something misses you. Something is attracted toward you. Something misses you.
Something is attracted toward you. Something is attracted toward you.
You aren't carrying any scrolls.
It was a potion of degeneration.
There was something very wrong with that liquid.
You feel weakened.
You feel dopey.
You feel clumsy. Something hits you but does no damage.
You hit something. Something hits you.
You miss something. Your kick misses something.
You hear some strange, mumbled words.
Something tries to affect you, but you resist.
You miss something. Your kick misses something. Something hits you.
You miss something. Your kick misses something. Something hits you!
Your magical contamination has completely faded away.
You closely miss something.
You hear some strange, mumbled words.
A magic dart appears from out of thin air!
The magic dart hits you.
You feel less attractive to monsters.
You barely miss something. Your kick misses something.
Something hits you but does no damage.
You miss something. You kick something. Something hits you but does no damage.
You barely miss something. Your kick misses something.
You barely miss something. Your kick misses something.
Something hits you but does no damage.
You barely miss something. Your kick misses something.
Something hits you but does no damage.
You miss something. Your kick misses something.
Something hits you but does no damage.
You miss something. Your punch misses something.
Something hits you but does no damage.
You miss something. Your kick misses something. Something hits you!
* * * LOW HITPOINT WARNING * * *
You miss something. Something hits you!
You die...

#......# #.# #......#
#.# ..###### #.#
..########.#
..#......#.#
..#.####<#.# <.#.#
#.#.############# ..#.#
#.#.............. ..#.#
#.#######@####### ..#.#
##.## #{# ..#.# #...#
#.## ..#.# #...# #..##
..#.# #...# ##..#
..#.###...# #)'#
..#.......# #≈≈≈..≈≈≈#
..#.......####≈......≈#
..#....##....#≈..###.≈#


There were no monsters in sight!

Vanquished Creatures
  An adder (D:2)
  A worm (D:2)
  4 ball pythons
  5 endoplasms
  2 giant cockroaches
  6 goblins
  3 hobgoblins
  3 kobolds
  A quokka (D:2)
  2 bats
  4 rats
32 creatures vanquished.

Vanquished Creatures (collateral kills)
  A ball python (D:2)
1 creature vanquished.

Vanquished Creatures (others)
  15 foxfires
15 creatures vanquished.

Grand Total: 48 creatures vanquished

Notes
Turn   | Place    | Note
-------+----------+-------------------------------------------
     0 | D:1      | Sin92 the Demonspawn Fire Elementalist began the quest for
                  | the Orb.
     0 | D:1      | Reached XP level 1. HP: 13/13 MP: 3/3
   406 | D:1      | Discovered your monstrous ancestry.
   406 | D:1      | Gained mutation: You have large cloven feet. [demonic
                  | ancestry]
   406 | D:1      | Reached XP level 2. HP: 19/19 MP: 5/5
  1082 | D:1      | Noticed a golden eye
  1084 | D:1      | Found a faded altar of an unknown god.
  1086 | D:1      | Noticed a shining eye
  1086 | D:1      | Noticed a golden eye
  1086 | D:1      | Noticed a golden eye
  1336 | D:2      | Gained mutation: You have hoof-like feet. [demonic
                  | ancestry]
  1336 | D:2      | Reached XP level 3. HP: 20/25 MP: 2/6
  1590 | D:2      | Learned a level 2 spell: Scorch
  1644 | D:2      | Found Parchur's Assorted Antiques.
  1657 | D:2      | Found Taligram's Antique Weapon Shoppe.
  1720 | D:2      | Found Mazaaq's Magic Scroll Shoppe.
  1823 | D:2      | Found Sebbisao's Jewellery Shoppe.
  1882 | D:2      | Reached skill level 1 in Fighting
  1957 | D:2      | Found Ivomov's Weapon Boutique.
  2487 | D:2      | Noticed Sigmund
  2492 | D:2      | Gained mutation: You are clumsy. (Dex -2) [potion of
                  | mutation]
  2492 | D:2      | Gained mutation: You have hooves in place of feet. [potion
                  | of mutation]
  2492 | D:2      | Gained mutation: You are strong-willed. (Will+) [potion of
                  | mutation]
  2492 | D:2      | Gained mutation: You expend magic power (3 MP) to
                  | strengthen your wands. [potion of mutation]
  2522 | D:2      | Slain by Sigmund

Illustrated notes

Levels and vault maps discovered:
D:1:      lightli_arrival_noodles, layout_basic,
          hellmonk_ecumenical_altar_watching_god
D:2:      layout_basic, serial_shops, shop,
          nicolae_shop_temple_entry_statues_fountains, shop,
          nicolae_shop_statue_plus, nicolae_square_shop,
          kennysheep_generic_room_7, uniq_sigmund

Skill      XL: |  1  2  3 |
---------------+----------+-----
Dodging        | 2 |  2.1
Fighting       | 1 |  1.0
Short Blades   | |  0.2
Axes           | |  0.2
Armour         | |  0.5
Stealth        | |  1.8
Spellcasting   | |  2.6
Conjurations   | |  1.3
Fire Magic     | |  2.8

Action                   || total
-------------------------++-------
Melee: Dagger            ||    21
       Unarmed           ||     9
       Punch             ||     1
       Hand axe          ||    72
       Kick              ||    14
 Cast: Foxfire           ||    11
  Use: Scroll            ||     5
       Potion            ||     3
 Stab: Distracted        ||     1
       Sleeping          ||     1
Armor: Robe              ||     2
       Scale mail        ||    54
Dodge: Dodged            ||    53
